 Seeded DCSS version 0.30-a0-900-g23479c02f2 (webtiles) character file.

Game seed: 3084712504658103651 (custom seed)

2766296 hikkokomori the Slayer (level 27, 161/161 HPs)
             Began as a Vine Stalker Fighter on Mar 18, 2023.
             Was a High Priest of Wu Jian.
             Escaped with the Orb
             ... and 4 runes on Mar 19, 2023!
             The game lasted 03:10:41 (53074 turns).

hikkokomori the Slayer (Vine Stalker Fighter)      Turns: 53074, Time: 03:10:42

Health: 161/161    AC: 41    Str: 31    XL:     27
Magic:  43/43      EV: 17    Int:  7    God:    Wu Jian [*****.]
Gold:   6741       SH: 19    Dex: 24    Spells: 29/56 levels left

rFire   + . .      SeeInvis +    X - +9 demon whip (elec)
rCold   + + .      Faith    .    g - +3 kite shield
rNeg    + . .      Spirit   +    Y - +4 crystal plate armour {rC+}
rPois   .          Reflect  .    S - +2 helmet {SInv}
rElec   +          Rampage  .    O - scarf {repulsion}
rCorr   .                        o - +0 pair of gloves of the Harvest {rElec rN+ Int-3}
Will    +++..                    D - +1 pair of boots "Geab" {+Inv} Stlth
                                 p - amulet of regeneration
HPRegen 2.06/turn                F - ring of the Divine God {rElec AC+4 Str+3 Dex-2 Slay+4}
MPRegen 0.28/turn                Q - ring "Zaybroal" {Fly Str+4 Dex+5}

@: flying, studying 2 skills, repel missiles
A: fangs 3, regeneration 1, magic shield, antimagic bite, no potion heal 2, cold
resistance 1, fire resistance 1, inability to read after injury 1
0: Orb of Zot
}: 4/15 runes: barnacled, slimy, silver, gossamer
a: Renounce Religion, Evoke Invisibility, Wall Jump, Serpent's Lash, Heavenly
Storm


You escaped.
You worshipped Wu Jian.
Wu Jian was extremely pleased with you.
You visited 11 branches of the dungeon, and saw 53 of its levels.
You also visited: Ice Cave and Desolation.

You collected 10781 gold pieces.
You spent 4040 gold pieces at shops.

Inventory:

Hand Weapons
 q - the +11 whip of Ferocious Integrity {speed, Str+3}
   (You found it on level 2 of the Dungeon)

   Str:       It affects your strength (+3).
 T - a +2 sacred scourge of holy wrath
 X - a +9 demon whip of electrocution (weapon)
Missiles
 c - 10 silver javelins
 I - 6 throwing nets (quivered)
Armour
 g - a +3 kite shield (worn)
 o - the +0 pair of gloves of the Harvest (worn) {rElec rN+ Int-3}
   (You found it on level 5 of the Pits of Slime)

   Int:       It affects your intelligence (-3).
   rElec:     It insulates you from electricity.
   rN:        It protects you from negative energy.
 y - a scarf of resistance
 D - the +1 pair of boots "Geab" (worn) {+Inv}
   (You acquired it on level 3 of the Spider Nest)

   +Inv:      It lets you turn invisible.
 O - a scarf of repulsion (worn)
 S - a +2 helmet of see invisible (worn)
 Y - a +4 crystal plate armour of cold resistance (worn)
 Z - the +4 dragonskin cloak
   (You took it off Tiamat on level 3 of the Realm of Zot)

   Avatar's Aegis: It grants the wearer a chance to resist fire, cold, poison,
   electricity, acid, and negative energy.
Jewellery
 b - the ring "Ynkuc" {rF+ rC- Str+6 Int+5}
   (You found it in the Desolation of Salt)

   [ring of strength]

   Str:       It affects your strength (+6).
   Int:       It affects your intelligence (+5).
   rF:        It protects you from fire.
   rC:        It makes you vulnerable to cold.
 m - the ring "Gockol" {rN+ Dex+3 SInv}
   (You found it in the Desolation of Salt)

   [ring of positive energy]

   Dex:       It affects your dexterity (+3).
   rN:        It protects you from negative energy.
   SInv:      It lets you see invisible.
 p - an amulet of regeneration (around neck)
 s - the amulet of the Quahog {Spirit Drain +Blink rElec Str+4}
   (You found it on level 2 of the Depths)

   [amulet of guardian spirit]

   It causes incoming damage to be divided between your reserves of health and
   magic.
   Str:       It affects your strength (+4).
   rElec:     It insulates you from electricity.
   +Blink:    It lets you blink.
   Drain:     It drains your maximum health when unequipped.
 E - a +5 ring of evasion
 F - the ring of the Divine God (left hand) {rElec AC+4 Str+3 Dex-2 Slay+4}
   (You took it off a frost giant on level 3 of the Depths)

   [ring of protection]

   AC:        It affects your AC (+4).
   Str:       It affects your strength (+3).
   Dex:       It affects your dexterity (-2).
   Slay:      It affects your accuracy & damage with ranged weapons and melee
   (+4).
   rElec:     It insulates you from electricity.
 Q - the ring "Zaybroal" (right hand) {Fly Str+4 Dex+5}
   (You found it on level 3 of the Shoals)

   [ring of flight]

   Str:       It affects your strength (+4).
   Dex:       It affects your dexterity (+5).
   Fly:       It grants you flight.
 U - the ring "Lavatt" {+Blink rC+ Int+4 Dex+6}
   (You took it off an ironbound preserver on level 5 of the Vaults)

   [ring of dexterity]

   Int:       It affects your intelligence (+4).
   Dex:       It affects your dexterity (+6).
   rC:        It protects you from cold.
   +Blink:    It lets you blink.
 W - the ring of Agnosticism {rCorr Str-4 Int+6 Dex+5}
   (You found it in the Desolation of Salt)

   [ring of intelligence]

   Str:       It affects your strength (-4).
   Int:       It affects your intelligence (+6).
   Dex:       It affects your dexterity (+5).
   rCorr:     It protects you from acid and corrosion.
Wands
 A - a wand of acid (40)
 B - a wand of roots (24)
 C - a wand of paralysis (28)
 K - a wand of mindburst (35)
 M - a wand of digging (17)
Scrolls
 e - 6 scrolls of poison
 f - 8 scrolls of fear
 i - 24 scrolls of teleportation
 n - 11 scrolls of fog
 r - 4 scrolls of silence
 u - 2 scrolls of summoning
 G - 2 scrolls of magic mapping
 L - 11 scrolls of enchant weapon
 N - 14 scrolls of blinking
Potions
 a - 9 potions of resistance
 d - 5 potions of might
 h - 8 potions of cancellation
 j - 13 potions of curing
 k - 4 potions of mutation
 l - 10 potions of attraction
 t - 8 potions of flight
 w - 7 potions of invisibility
 x - 9 potions of haste
 z - 8 potions of magic
 H - a potion of berserk rage
 J - 9 potions of ambrosia
 P - 6 potions of brilliance
Miscellaneous
 v - a condenser vane
 R - a tin of tremorstones (2/2)


   Skills:
 + Level 21.8 Fighting
 + Level 17.6 Maces & Flails
 - Level 1.5 Throwing
 + Level 17.9 Armour
 + Level 17.3 Dodging
 - Level 16.0 Shields
 - Level 15.2 Spellcasting
 + Level 5.6 Translocations
 - Level 12.1 Transmutations
 - Level 10.0 Ice Magic
 + Level 10.8 Air Magic
 - Level 10.8 Evocations


You had 29 spell levels left.
You knew the following spells:

 Your Spells              Type           Power      Damage    Failure   Level
a - Wereblood             Tmut           22%        N/A       1%          2
b - Animate Armour        Summ/Erth      10%        N/A       100%        4
c - Swiftness             Air            20%        N/A       7%          3
d - Ozocubu's Refrigerat  Ice            9%         4d9       100%        7
e - Simulacrum            Ice/Necr       6%         N/A       100%        6
f - Blink                 Tloc           26%        N/A       28%         2
g - Vhi's Electric Charg  Tloc/Air       32%        N/A       19%         3

Your spell library contained the following spells:

 Spells                   Type           Power      Damage    Failure   Level
 Beastly Appendage        Tmut           44%        N/A       1%          1
 Freeze                   Ice            76%        1d8       3%          1
 Frozen Ramparts          Ice            38%        1d6       9%          3
 Ozocubu's Armour         Ice            19%        N/A       9%          3
 Sting                    Tmut/Pois      52%        1d5       16%         1
 Ice Form                 Ice/Tmut       20%        N/A       19%         4
 Airstrike                Air            10%        2d(2-18)  22%         4
 Passwall                 Tmut/Erth      10%        N/A       24%         2
 Lesser Beckoning         Tloc           26%        N/A       28%         2
 Poisonous Vapours        Pois/Air       24%        N/A       30%         2
 Static Discharge         Conj/Air       24%        2-3/arc   30%         2
 Blade Hands              Tmut           11%        N/A       34%         5
 Spider Form              Tmut/Pois      13%        N/A       43%         3
 Kindle Blastsparks       Fire/Tloc/Air  26%        2d12      52%         3
 Cigotuvi's Dreadful Rot  Necr/Pois/Air  20%        N/A       54%         2
 Hailstorm                Conj/Ice       12%        3d5       56%         3
 Momentum Strike          Conj/Tloc      18%        3d8       65%         2
 Ignite Poison            Fire/Tmut/Pois 11%        N/A       71%         3
 Mephitic Cloud           Conj/Pois/Air  10%        N/A       78%         3
 Petrify                  Tmut/Erth      13%        N/A       83%         4
 Necrotise                Necr           20%        1d5       88%         1
 Summon Small Mammal      Summ           20%        N/A       88%         1
 Manifold Assault         Tloc           13%        N/A       88%         4
 Passage of Golubria      Tloc           13%        N/A       88%         4
 Summon Lightning Spire   Summ/Air       12%        N/A       90%         4
 Summon Ice Beast         Ice/Summ       12%        N/A       93%         4
 Scorch                   Fire           10%        2d5       96%         2
 Sublimation of Blood     Necr           5%         N/A       96%         2
 Call Canine Familiar     Summ           5%         N/A       99%         3
 Dazzling Flash           Conj/Hex       10%        N/A       99%         3
 Inner Flame              Hex/Fire       5%         N/A       99%         3
 Summon Guardian Golem    Hex/Summ       5%         N/A       99%         3
 Vampiric Draining        Necr           5%         2d6       99%         3
 Iskenderun's Mystic Bla  Conj/Tloc      9%         2d4       99%         4
 Alistair's Intoxication  Tmut/Pois      8%         N/A       99%         5
 Arcjolt                  Conj/Air       6%         1d16      99%         5
 Lightning Bolt           Conj/Air       6%         1d18      99%         5
 Silence                  Hex/Air        6%         N/A       99%         5
 Yara's Violent Unravell  Hex/Tmut       6%         3d5       99%         5
 Animate Dead             Necr           5%         N/A       100%        4
 Cause Fear               Hex            2%         N/A       100%        4
 Dispel Undead            Necr           5%         3d7       100%        4
 Flame Wave               Conj/Fire      5%         2d5       100%        4
 Olgreb's Toxic Radiance  Pois           5%         N/A       100%        4
 Sticky Flame             Conj/Fire      5%         2d3       100%        4
 Agony                    Necr           5%         N/A       100%        5
 Borgnjor's Vile Clutch   Necr/Erth      2%         N/A       100%        5
 Fireball                 Conj/Fire      2%         3d4       100%        5
 Iskenderun's Battlesphe  Conj           5%         2d6       100%        5
 Lee's Rapid Deconstruct  Erth           2%         3d5*      100%        5
 Metabolic Englaciation   Hex/Ice        6%         N/A       100%        5
 Summon Forest            Summ/Tloc      4%         N/A       100%        5
 Summon Mana Viper        Hex/Summ       5%         N/A       100%        5
 Death Channel            Necr           2%         N/A       100%        6
 Dispersal                Tloc           6%         N/A       100%        6
 Eringya's Noxious Bog    Tmut/Pois      6%         N/A       100%        6
 Iron Shot                Conj/Erth      2%         9d2       100%        6
 Starburst                Conj/Fire      2%         6d3       100%        6
 Statue Form              Tmut/Erth      8%         N/A       100%        6
 Summon Cactus Giant      Summ           2%         N/A       100%        6
 Dragon Form              Tmut           11%        N/A       100%        7
 Enfeeble                 Hex            2%         N/A       100%        7
 Haunt                    Necr/Summ      2%         N/A       100%        7
 Monstrous Menagerie      Summ           2%         N/A       100%        7
 Spellforged Servitor     Conj/Summ      2%         N/A       100%        7
 Storm Form               Tmut/Air       10%        N/A       100%        7
 Discord                  Hex            2%         N/A       100%        8
 Disjunction              Tloc           6%         N/A       100%        8
 Ignition                 Fire           2%         3d3       100%        8
 Infestation              Necr           2%         N/A       100%        8
 Lehudib's Crystal Spear  Conj/Erth      2%         10d2      100%        8
 Death's Door             Necr           2%         N/A       100%        9
 Shatter                  Erth           2%         3d6*      100%        9


Dungeon Overview and Level Annotations

Branches:
Dungeon (15/15)            Temple (1/1) D:4            Lair (5/5) D:8
 Shoals (4/4) Lair:3       Spider (4/4) Lair:2        Slime (5/5) Lair:4
    Orc (2/2) D:10            Elf (3/3) Orc:2        Vaults (5/5) D:14
  Crypt (0/3) Vaults:2     Depths (4/4) D:15            Zot (5/5) Depths:4
  IceCv (visited)         Desolation (visited)

Altars:
Ashenzari
Cheibriados
Dithmenos
Elyvilon
Fedhas
Gozag
Hepliaklqana
Kikubaaqudgha
Makhleb
Nemelex Xobeh
Okawaru
Qazlal
Ru
Sif Muna
Trog
Uskayaw
Vehumet
Wu Jian
Xom
Yredelemnul
Zin
The Shining One
Jiyva

Shops:
D:4 [   D:9 (   D:14 (   Orc:2 ([[[   Elf:3 !*?   Shoals:3 *   Vaults:1 =
Vaults:2 !:?!   Vaults:5 ==*??!=!!   Depths:1 [   Depths:2 [!=   Depths:3 ==:

Portals:
Hell: Depths:1 Depths:2 Depths:3 Depths:4
Abyss: Depths:3 Depths:4
Pandemonium: Depths:1 Depths:2 Depths:3 Depths:4
Ziggurat: Depths:3

Annotations:
D:10 3 runed translucent doors, Iich's ghost, legendary HOFi
Spider:3 2 transporters
Zot:4 4 transporters


Innate Abilities, Weirdness & Mutations

You have razor-sharp teeth.
Your natural rate of healing is unusually fast.
When hurt, damage is shared between your health and your magic reserves.
Your bite disrupts and absorbs the magic of your enemies.
Potions cannot restore your health.
Your flesh is cold resistant. (rC+)
Your flesh is heat resistant. (rF+)
You occasionally lose the ability to read scrolls when taking damage.


Message History

(N) Spider Nest (M) Slime Pits (O) Orcish Mines (E) Elven Halls (V) Vaults (C) Crypt (U) Depths (H) Hell (Z) Zot
Where to? (Enter - D:1, ? - help)
There is a stone staircase leading up here.
You fly upwards.
There is a stone staircase leading down here.
There is a stone staircase leading up here.
You fly upwards.
There is a stone staircase leading down here.
There is a stone staircase leading up here.
You fly upwards.
There is a stone staircase leading down here.
There is a stone staircase leading up here.
You fly upwards.
There is a stone staircase leading down here.
You see here 5 poisoned darts.
There is a stone staircase leading up here.
You fly upwards.
There is a stone staircase leading down here.
There is a stone staircase leading up here.
You fly upwards.
There is a stone staircase leading down here.
There is an open door here.
A hell beast comes into view.
You lunge at the hell beast, in a flurry of attacks.
You thrash the hell beast!! You bite the hell beast! You drain its power.
The hell beast is heavily wounded.
You whack the hell beast!
Lightning courses through the hell beast!
You bite the hell beast!!
You kill the hell beast!
The Council accepts your kill.
Aiming: Dig
Press: ? - help, Shift-Dir - straight line A rock wall.
This square is covered in magical glow.
The rock shatters into small pieces.
There is a staircase leading out of the dungeon here.
You have escaped!

....####.....#...##..........#
..ยงยง#.....#########.##########
....#.###..# ##.#....### ._..'.#
##.### ##.........## ....###
#...###.....##....## .>.##
###.##.............# ####
#...#............##
##.##....####.....# #.##@.###
###...# #..##.# ##..# ##....###
###...# ##.....####.....#
##............## #............#
##....##....## ##........##
###....###


There were no monsters in sight!

Vanquished Creatures
  the Royal Jelly (Slime:5)
  Tiamat (Zot:3)
  2 dread liches
  3 orbs of fire (Zot:5)
  5 ancient liches
  A juggernaut (Depths:3)
  Josephina (Depths:2)
  5 Killer Klowns (Zot:5)
  A curse toe (Zot:5)
  2 caustic shrikes (Depths:3)
  2 profane servitors
  12 golden dragons
  A bone dragon (Depths:4)
  A Brimstone Fiend (D:12)
  Arachne (Spider:4)
  5 electric golems
  5 liches
  15 tentacled monstrosities
  27 Orb Guardians
  4 quicksilver dragons
  2 walking divine tomes
  4 titans (Vaults:5)
  The ghost of Zilibas the Executioner, an adept MiBe of Trog (Shoals:3)
  18 acid blobs
  2 deep elf master archers (Elf:3)
  A kraken (Shoals:4)
  3 death cobs
  8 sphinxes
  An ancient champion (Vaults:2)
  Frances (D:14)
  Agnes (Spider:1)
  5 tengu reavers
  4 draconian monks
  6 shadow dragons
  The ghost of Lobster4 the Cleaver, an adept HuFi of Uskayaw (D:13)
  3 daevas (Depths:3)
  20 storm dragons
  9 emperor scorpions
  7 azure jellies
  5 rockslimes
  6 draconian knights
  2 imperial myrmidons (Desolation)
  10 frost giants
  Louise (Shoals:3)
  12 deep elf sorcerers
  9 ghost moths
  6 fire giants
  A balrug (Depths:1)
  An angel (Depths:3)
  23 vault wardens
  8 draconian annihilators
  3 iron dragons
  Aizul (Vaults:3)
  4 draconian shifters
  5 deep elf elementalists (Elf:3)
  2 draconian stormcallers (Zot:5)
  18 ironbound preservers
  8 draconian scorchers
  5 orc warlords
  12 stone giants
  8 spriggan defenders
  28 very ugly things
  2 reapers (Depths:2)
  7 war gargoyles
  A juggernaut skeleton (Depths:3)
  The ghost of Bacu the Thaumaturge, a journeyman DjCj of Makhleb (Lair:4)
  9 quicksilver oozes
  8 deep elf demonologists
  6 ironbound thunderhulks
  11 red draconians
  15 black draconians
  6 vampire knights
  8 green draconians
  A halazid warlock (Desolation)
  10 yellow draconians
  A bunyip (shapeshifter) (Vaults:5)
  7 deep elf annihilators
  11 dire elephants
  10 spark wasps
  6 crystal guardians
  13 purple draconians
  5 white draconians
  3 merfolk javelineers
  4 deep elf high priests
  7 ettins
  2 pearl dragon zombies (Depths:4)
  6 deep elf death magi
  2 blizzard demons (IceCv)
  5 ragged hierophants (Desolation)
  9 merfolk impalers
  10 fire dragons
  12 yaktaur captains
  4 servants of whispers (Desolation)
  8 great orbs of eyes
  32 vault guards
  3 jorogumos
  4 ice dragons
  10 peacekeepers
  4 entropy weavers
  7 hydras
  3 rakshasas
  A spriggan zombie (Depths:3)
  9 centaur warriors
  A hell beast (D:1)
  5 spriggan air magi
  Erolcha (D:9)
  A caustic shrike simulacrum (IceCv)
  3 death knights
  6 ironbound frosthearts
  8 merfolk avatars
  4 ogre magi
  2 catoblepae
  3 radroaches
  A satyr (Shoals:4)
  6 merfolk aquamancers
  12 boulder beetles
  14 two-headed ogres
  26 dancing weapons
  2 alligator snapping turtles
  4 deep troll shamans
  3 hell hogs (Depths:4)
  2 orc high priests (Orc:1)
  18 death yaks
  A vampire mage (Depths:1)
  2 spriggan berserkers (Depths:4)
  A soul eater (Depths:3)
  A titan zombie (Depths:3)
  A sun demon (Depths:3)
  4 deep troll earth magi
  A titan skeleton (Depths:2)
  17 deep elf knights
  5 shock serpents (Zot:4)
  2 fire crabs (shapeshifter)
  7 hell knights (Depths:1)
  2 storm dragon zombies
  2 shadow wraiths
  A sixfirhy (Zot:4)
  3 sun moths (Spider:4)
  5 skysharks
  A skeletal warrior (Depths:3)
  3 pharaoh ants
  A salamander mystic (Depths:2)
  3 flayed ghosts
  18 sea snakes
  3 iron trolls
  A spark wasp zombie (Depths:3)
  A bog body (IceCv)
  A deep troll (shapeshifter) (Vaults:5)
  21 ironbound convokers
  5 lindwurms
  18 harpies
  11 spriggan simulacra
  41 deep trolls
  An obsidian statue (IceCv)
  4 glowing orange brains
  6 orb spiders
  7 steelbarb worms
  Pikel (D:7)
  4 wizards
  13 deep elf archers
  33 deep elf zephyrmancers
  4 necromancers
  An orange crystal statue (Zot:5)
  5 phantasmal warriors
  26 deep elf pyromancers
  13 orc knights
  17 wolf spiders
  3 fauns (Shoals:1)
  A wolf spider (shapeshifter) (Vaults:5)
  32 ugly things
  7 cyclopes
  23 manticores
  4 oklob plants (Lair:5)
  2 salamanders (Depths:2)
  A manticore (shapeshifter) (Vaults:5)
  4 apis skeletons (Depths:4)
  22 moths of wrath
  2 tengu skeletons
  5 shining eyes
  A moth of wrath (shapeshifter) (Elf:2)
  A cyclops (shapeshifter) (Vaults:5)
  3 guardian serpents (Desolation)
  21 vault sentinels
  A frost giant skeleton (Vaults:4)
  16 elephants
  8 merfolk sirens
  Maurice (D:12)
  3 eyes of devastation
  11 demonic crawlers
  A black mamba (Lair:2)
  2 gargoyles
  7 water nymphs
  9 cane toads
  A rust devil (Depths:3)
  A hellion (Depths:3)
  A storm dragon simulacrum (Depths:2)
  2 human zombies (Vaults:4)
  4 freezing wraiths
  9 komodo dragons
  2 unseen horrors
  35 yaktaurs
  3 torpor snails
  9 rime drakes
  26 merfolk
  A spark wasp simulacrum (Depths:2)
  A red devil (Depths:3)
  13 ice devils
  A polar bear (Lair:5)
  2 anaconda simulacra
  48 saltlings (Desolation)
  6 meliai
  A wind drake (shapeshifter) (D:15)
  16 tarantellas
  5 trolls
  2 hornets (Depths:4)
  7 wind drakes
  A hellwing (Depths:1)
  2 sphinx simulacra (Depths:2)
  Grinder (D:3)
  2 shadow dragon simulacra (Depths:2)
  2 merfolk (shapeshifter) (Vaults:5)
  An ettin zombie (Vaults:4)
  2 raiju (Zot:4)
  A tengu simulacrum (Vaults:4)
  3 dream sheep (Shoals:1)
  5 blink frogs
  11 snapping turtles
  An air elemental (Elf:1)
  3 shadows
  94 slime creatures
  29 jumping spiders
  19 culicivoras
  2 spriggans (Depths:4)
  19 water elementals
  2 wraiths (D:12)
  A yak (shapeshifter) (Depths:3)
  39 yaks
  11 wyverns
  A dire elephant simulacrum (IceCv)
  A human (shapeshifter) (D:15)
  Eustachio (D:4)
  4 minotaur simulacra
  11 golden eyes
  9 basilisks
  2 neqoxecs
  32 redbacks
  A steam dragon (Lair:5)
  A chaos spawn (Depths:1)
  2 harpy simulacra (Spider:1)
  5 wargs
  11 water moccasins
  2 two-headed ogre zombies (D:9)
  An acid dragon (D:12)
  3 glowing shapeshifter zombies
  47 orc warriors
  2 ice beasts (D:7)
  2 black bears
  2 alligator simulacra (IceCv)
  3 ettin simulacra
  17 ogres
  5 boggarts (Vaults:1)
  12 wolves
  16 centaurs
  4 lemures (D:6)
  2 phantoms
  Blork the orc (D:6)
  2 kobold brigands
  9 bullfrogs
  2 gnoll sergeants
  10 deep troll simulacra
  2 scorpions
  3 wights (D:9)
  2 lindwurm simulacra
  19 killer bees
  3 electric eels
  4 howler monkeys
  2 hounds
  10 jellies
  11 orc priests
  Crazy Yiuf (D:6)
  A gnoll bouda (D:4)
  A sleepcap (D:6)
  4 iguanas
  19 orc wizards
  9 hell rats
  5 lightning spires (Zot:4)
  5 adders
  22 gnolls
  2 river rats (D:8)
  A shadow imp (D:5)
  3 white imps
  4 worms
  83 orcs
  8 endoplasms
  A giant cockroach (D:1)
  13 goblins
  3 hobgoblins
  3 jackals (D:5)
  7 quokkas
  9 ball pythons
  7 bats
  2 frilled lizards
  11 kobolds
  4 rats
  A tentacle (Shoals:4)
2239 creatures vanquished.

Vanquished Creatures (others)
  A draconian knight (Zot:4)
  2 draconian shifters (Zot:4)
  A deep elf demonologist (Elf:3)
  A spark wasp (Zot:4)
  A dancing weapon (Elf:2)
  A shock serpent (Zot:4)
  A deep elf knight (Elf:3)
  A phantasmal warrior (Vaults:1)
  A vault sentinel (Vaults:3)
  A merfolk (Shoals:3)
  2 water elementals (Elf:2)
  A jumping spider (Spider:1)
  5 ball lightnings (Zot:4)
  A bush (Lair:1)
  8 fungi
  89 plants
  3 tentacles (Shoals:4)
  3 toadstools (D:13)
123 creatures vanquished.

Grand Total: 2362 creatures vanquished

Notes
Turn   | Place    | Note
-------+----------+-------------------------------------------
     0 | D:1      | hikkokomori the Vine Stalker Fighter began the quest for
                  | the Orb.
     0 | D:1      | Reached XP level 1. HP: 11/11 MP: 2/2
   137 | D:1      | Reached XP level 2. HP: 16/16 MP: 3/3
   213 | D:1      | Found a faded altar of an unknown god.
   328 | D:1      | Reached skill level 3 in Fighting
   440 | D:1      | Reached XP level 3. HP: 20/20 MP: 4/4
   835 | D:2      | Gained mutation: Your natural rate of healing is unusually
                  | fast. [Vine Stalker growth]
   835 | D:2      | Reached XP level 4. HP: 21/24 MP: 2/5
  1012 | D:2      | Found a glowing silver altar of Zin.
  1027 | D:2      | Identified the +11 whip of Ferocious Integrity {speed,
                  | Str+3}
  1521 | D:3      | Reached XP level 5. HP: 28/28 MP: 6/6
  1717 | D:3      | Noticed Grinder
  1722 | D:3      | Killed Grinder
  1723 | D:3      | Reached skill level 4 in Fighting
  1723 | D:3      | Reached XP level 6. HP: 33/33 MP: 7/7
  1734 | D:3      | Found a burning altar of Makhleb.
  1930 | D:3      | Found a sacrificial altar of Ru.
  2409 | D:4      | Reached XP level 7. HP: 38/38 MP: 8/8
  2712 | D:4      | Found Zytazxal's Antique Armour Emporium.
  2712 | D:4      | Found a staircase to the Ecumenical Temple.
  2819 | D:4      | Noticed Eustachio
  2826 | D:4      | Killed Eustachio
  2827 | D:4      | Reached skill level 5 in Fighting
  2827 | D:4      | Reached skill level 5 in Shields
  2827 | D:4      | Gained mutation: You have razor-sharp teeth. [Vine Stalker
                  | growth]
  2827 | D:4      | Reached XP level 8. HP: 43/43 MP: 9/9
  3004 | Temple   | Entered the Ecumenical Temple
  3074 | D:5      | Entered Level 5 of the Dungeon
  3176 | D:5      | Found a glowing silver altar of Zin.
  3214 | D:5      | Found an ornate altar of the Wu Jian Council.
  3215 | D:5      | Found an iron altar of Okawaru.
  3215 | D:5      | Found a shimmering altar of Xom.
  3217 | D:5      | Found a basalt altar of Yredelemnul.
  3219 | D:5      | Found a shadowy altar of Dithmenos.
  3219 | D:5      | Found a hazy altar of Hepliaklqana.
  3223 | D:5      | Found a white marble altar of Elyvilon.
  3230 | D:5      | Became a worshipper of the Wu Jian Council
  3421 | D:5      | Found an ancient bone altar of Kikubaaqudgha.
  3424 | D:5      | Reached skill level 5 in Maces & Flails
  3886 | D:6      | Found a broken altar of Ashenzari.
  3960 | D:6      | Found a runed translucent door.
  3961 | D:6      | Noticed Crazy Yiuf
  4085 | D:6      | Reached skill level 6 in Fighting
  4195 | D:6      | Noticed Blork the orc
  4199 | D:6      | Killed Blork the orc
  4441 | D:6      | Killed Crazy Yiuf
  4442 | D:6      | Reached XP level 9. HP: 48/48 MP: 10/10
  4507 | D:7      | Noticed Pikel
  4558 | D:7      | Killed Pikel
  4639 | D:7      | Reached skill level 7 in Fighting
  4727 | D:7      | Found a glowing golden altar of the Shining One.
  4867 | D:7      | Reached * piety under Wu Jian
  5193 | D:8      | Noticed a death yak
  5195 | D:8      | Found a staircase to the Lair.
  5195 | D:8      | Noticed a death yak
  5197 | D:8      | Noticed a death yak
  5220 | D:8      | Killed a death yak
  5221 | D:8      | Reached XP level 10. HP: 44/56 MP: 8/11
  5234 | D:8      | Killed a death yak
  5235 | D:8      | Reached skill level 8 in Fighting
  5245 | D:8      | Killed a death yak
  5816 | D:9      | Reached ** piety under Wu Jian
  5975 | D:9      | Noticed a two-headed ogre
  5989 | D:9      | Reached skill level 9 in Fighting
  5992 | D:9      | Killed a two-headed ogre
  5993 | D:9      | Reached XP level 11. HP: 27/62 MP: 9/12
  6018 | D:9      | Found a blossoming altar of Fedhas.
  6019 | D:9      | Found a sparkling altar of Nemelex Xobeh.
  6054 | D:9      | Found Okoreer's Weapon Shoppe.
  6201 | D:9      | Noticed a two-headed ogre
  6202 | D:9      | Noticed a two-headed ogre
  6212 | D:9      | Killed a two-headed ogre
  6224 | D:9      | Killed a two-headed ogre
  6230 | D:9      | Noticed a two-headed ogre
  6237 | D:9      | Killed a two-headed ogre
  6249 | D:9      | Reached *** piety under Wu Jian
  6261 | D:9      | Noticed a two-headed ogre
  6261 | D:9      | Noticed a two-headed ogre
  6261 | D:9      | Noticed Erolcha
  6263 | D:9      | Noticed a two-headed ogre
  6271 | D:9      | Killed a two-headed ogre
  6272 | D:9      | Reached skill level 10 in Fighting
  6283 | D:9      | Killed a two-headed ogre
  6293 | D:9      | Killed a two-headed ogre
  6294 | D:9      | Reached skill level 10 in Maces & Flails
  6294 | D:9      | Reached skill level 5 in Armour
  6301 | D:9      | Killed Erolcha
  6595 | Lair:1   | Entered Level 1 of the Lair of Beasts
  6646 | Lair:1   | Reached XP level 12. HP: 68/68 MP: 13/13
  6668 | Lair:1   | Found a stormy altar of Qazlal.
  7542 | D:10     | Entered Level 10 of the Dungeon
  7551 | D:10     | Reached skill level 11 in Fighting
  7609 | D:10     | Found a staircase to the Orcish Mines.
  7758 | D:10     | Found a runed translucent gate.
  7759 | D:10     | Found a runed translucent gate.
  7760 | D:10     | Found a runed translucent gate.
  7760 | D:10     | Noticed a great orb of eyes
  7761 | D:10     | Noticed Iich's ghost (legendary HOFi)
  7879 | D:10     | Found a stormy altar of Qazlal.
  8074 | D:10     | Noticed a two-headed ogre
  8080 | D:10     | Killed a two-headed ogre
  8080 | D:10     | Reached **** piety under Wu Jian
  8142 | D:10     | Found a viscous altar of Jiyva.
  8303 | D:11     | Noticed a two-headed ogre
  8306 | D:11     | Killed a two-headed ogre
  8352 | D:11     | Noticed a two-headed ogre
  8358 | D:11     | Killed a two-headed ogre
  8583 | D:11     | Noticed a boulder beetle
  8593 | D:11     | Killed a boulder beetle
  8687 | D:11     | Noticed a boulder beetle
  8713 | D:11     | Killed a boulder beetle
  8722 | D:11     | Identified a scroll of acquirement
  8722 | D:11     | Acquired the +1 hat of Bebrovom {Str+5}
  9054 | D:11     | Reached XP level 13. HP: 74/74 MP: 14/14
  9614 | D:12     | Noticed Maurice
  9627 | D:12     | Killed Maurice
  9743 | D:12     | Reached skill level 12 in Fighting
 10157 | D:13     | Found a runed translucent gate.
 10157 | D:13     | Found a runed translucent gate.
 10157 | D:13     | Found a runed translucent gate.
 10157 | D:13     | Noticed Lobster4's ghost (adept HuFi)
 11057 | D:13     | Killed Lobster4's ghost
 11242 | D:14     | Found a gate to the Vaults.
 11369 | D:14     | Found the +15 Maxwell's patent armour {-Cast -Tele rElec
                  | Will+ rCorr}
 11549 | D:14     | Found Viasygho's Antique Weapon Emporium.
 11586 | D:14     | Noticed Frances
 11599 | D:14     | Killed Frances
 11601 | D:14     | Reached skill level 1 in Dodging
 11842 | D:14     | Reached XP level 14. HP: 76/81 MP: 13/15
 12218 | Lair:2   | Found a hole to the Spider Nest.
 12314 | Lair:2   | Identified the +0 glaive of Xiawujips {spect, MP-9 Str+5}
 12319 | Lair:2   | Reached ***** piety under Wu Jian
 12320 | Lair:2   | Reached skill level 13 in Fighting
 12492 | Lair:2   | Reached skill level 10 in Shields
 13124 | Lair:3   | Found a staircase to the Shoals.
 13287 | Lair:3   | Reached skill level 1 in Evocations
 13617 | Lair:4   | Found a staircase to the Slime Pits.
 13618 | Lair:4   | Found a viscous altar of Jiyva.
 13855 | Lair:4   | Found a runed translucent door.
 14262 | Lair:4   | Found a shimmering altar of Xom.
 14262 | Lair:4   | Noticed Bacu's ghost (journeyman DjCj)
 14422 | Lair:5   | Entered Level 5 of the Lair of Beasts
 14500 | Lair:5   | Reached skill level 10 in Armour
 14558 | Lair:5   | Reached XP level 15. HP: 87/87 MP: 16/16
 14661 | Lair:5   | Reached skill level 5 in Dodging
 14770 | Lair:5   | Found the +7 captain's cutlass {speed, disarm}
 14813 | Lair:5   | Reached skill level 14 in Fighting
 15517 | Orc:1    | Entered Level 1 of the Orcish Mines
 15651 | Orc:2    | Entered Level 2 of the Orcish Mines
 15725 | Orc:2    | Found a staircase to the Elven Halls.
 15880 | Orc:2    | Reached skill level 5 in Evocations
 16021 | Orc:2    | Found Peunoew's Armour Boutique.
 16021 | Orc:2    | Found Hiclawel's Antique Armour Shoppe.
 16023 | Orc:2    | Found Evejued's Weapon Emporium.
 16025 | Orc:2    | Found Giluid's Armour Shop.
 16583 | Orc:1    | Reached ****** piety under Wu Jian
 16584 | Orc:1    | Reached skill level 1 in Throwing
 16853 | Orc:2    | Bought a bronze chain mail for 294 gold pieces
 16853 | Orc:2    | Identified the +1 chain mail "Tudaotar" {rPois} (You bought
                  | it in a shop on level 2 of the Orcish Mines)
 16853 | Orc:2    | Bought a crude plate armour for 868 gold pieces
 16853 | Orc:2    | Identified the +5 plate armour of the Thistle {rC- rN+
                  | Int+3 Dex+2} (You bought it in a shop on level 2 of the
                  | Orcish Mines)
 16853 | Orc:2    | Bought a runed kite shield for 232 gold pieces
 17023 | Shoals:1 | Entered Level 1 of the Shoals
 17438 | D:15     | Entered Level 15 of the Dungeon
 17663 | D:15     | Reached XP level 16. HP: 93/93 MP: 17/17
 17764 | D:15     | Found a staircase to the Depths.
 18282 | D:15     | Found a glowing golden altar of the Shining One.
 18654 | Elf:1    | Entered Level 1 of the Elven Halls
 19580 | Elf:1    | Paralysed by an air elemental for 1 turns
 19950 | Shoals:1 | Reached skill level 15 in Fighting
 21305 | Shoals:3 | Reached XP level 17. HP: 89/99 MP: 18/18
 21360 | Shoals:3 | Found a transporter.
 21379 | Shoals:3 | Noticed Zilibas's ghost (adept MiBe)
 21396 | Shoals:3 | Found a transporter.
 21396 | Shoals:3 | Identified the ring "Zaybroal" {Fly Str+4 Dex+5}
 21679 | Shoals:3 | Killed Zilibas's ghost
 22043 | Shoals:3 | Found Daunt's Assorted Antiques.
 22068 | Shoals:3 | Bought a silver ring for 125 gold pieces
 22253 | Shoals:3 | Noticed Louise
 22270 | Shoals:3 | Killed Louise
 22419 | Shoals:4 | Entered Level 4 of the Shoals
 22963 | Shoals:4 | Got a barnacled rune of Zot
 23098 | Shoals:4 | Identified the +0 short sword "Wanuomux" {venom, rElec
                  | rPois rCorr Str+5}
 23314 | Shoals:4 | Noticed a kraken
 23347 | Shoals:4 | Killed a kraken
 23412 | Shoals:4 | Reached XP level 18. HP: 103/105 MP: 19/19
 23824 | Spider:1 | Entered Level 1 of the Spider Nest
 23870 | Spider:1 | Reached skill level 16 in Fighting
 23950 | Spider:1 | Found a frozen archway.
 23959 | IceCv    | Entered an ice cave
 24703 | IceCv    | Learned a level 2 spell: Wereblood
 24935 | Spider:1 | Reached skill level 1 in Transmutations
 25373 | Spider:1 | Noticed Agnes
 25385 | Spider:1 | Killed Agnes
 25674 | Spider:2 | You are sucked into a shaft and drop 1 floor!
 25717 | Spider:3 | Acquired 507 gold pieces
 25746 | Spider:3 | Acquired the +1 pair of boots "Geab" {+Inv}
 25781 | Spider:3 | Found a transporter.
 25798 | Spider:3 | Reached skill level 10 in Dodging
 25911 | Spider:3 | Found a transporter.
 26160 | Spider:4 | Entered Level 4 of the Spider Nest
 26267 | Spider:4 | Reached skill level 15 in Maces & Flails
 26426 | Spider:4 | Noticed Arachne
 26429 | Spider:4 | Reached XP level 19. HP: 109/111 MP: 12/20
 26442 | Spider:4 | Killed Arachne
 26764 | Spider:4 | Got a gossamer rune of Zot
 27857 | Elf:2    | Reached skill level 5 in Transmutations
 28067 | Elf:2    | Found a runed translucent gate.
 28067 | Elf:2    | Found a runed translucent gate.
 28067 | Elf:2    | Found a runed translucent gate.
 28560 | Elf:2    | Reached skill level 17 in Fighting
 28702 | Elf:2    | Reached XP level 20. HP: 109/117 MP: 18/21
 28995 | Elf:3    | Entered Level 3 of the Elven Halls
 29032 | Elf:3    | Found Veihuif's Distillery.
 29032 | Elf:3    | Found Boscham's General Store.
 29033 | Elf:3    | Found Uduligh's Magic Scroll Emporium.
 29039 | Elf:3    | Bought a scroll of enchant armour for 105 gold pieces
 29043 | Elf:3    | Bought a scroll of enchant weapon for 127 gold pieces
 29284 | Elf:3    | Reached skill level 15 in Shields
 29381 | Elf:3    | Got Sif Muna's Secrets of the Quarry
 29399 | Elf:3    | Identified the +2 dagger of the Beloved God {chaos, rPois
                  | Dex+3}
 29476 | Elf:3    | Identified the +7 long sword "Giantbane" {drain, rN+ Will++
                  | Dex+5}
 29483 | Elf:3    | Got the Grimoire of the Sage
 29484 | Elf:3    | Identified the +1 robe of Tiaromm {rC+}
 29781 | Elf:3    | Reached skill level 1 in Spellcasting
 30061 | Elf:3    | Identified the +0 scale mail of Hiroz {+Blink Str+2 Int-5
                  | SInv}
 30467 | Vaults:1 | Entered Level 1 of the Vaults
 30899 | Vaults:1 | Reached XP level 21. HP: 122/122 MP: 29/29
 30950 | Vaults:1 | Reached skill level 5 in Spellcasting
 31125 | Vaults:1 | Found Ijol's Jewellery Emporium.
 32057 | Vaults:2 | Found Doeded's Book Emporium.
 32115 | Vaults:2 | Found Xolefiloxe's Magic Scroll Boutique.
 32119 | Vaults:2 | Bought a scroll of blinking for 120 gold pieces
 32166 | Vaults:2 | Found Kiamem's Distillery.
 32174 | Vaults:2 | Bought a potion of cancellation for 128 gold pieces
 32174 | Vaults:2 | Bought a potion of invisibility for 128 gold pieces
 32174 | Vaults:2 | Bought a potion of resistance for 160 gold pieces
 32174 | Vaults:2 | Bought a potion of might for 64 gold pieces
 32174 | Vaults:2 | Bought a potion of resistance for 160 gold pieces
 32207 | Vaults:2 | Found a crumbling gateway.
 32216 | Desolati | Entered the Desolation of Salt
 32246 | Desolati | Identified the +4 leather armour of the Other Side {Drain
                  | rN+ Str+3}
 32282 | Desolati | Got the Spellbook of Breezy Contamination
 32287 | Desolati | Identified the +5 war axe of Melee {antimagic, Int+3}
 32347 | Desolati | Got the Directory of Glaciation and the Switch
 32363 | Desolati | Reached skill level 18 in Fighting
 32443 | Desolati | Got the Lectures on Blight
 32678 | Desolati | Identified the amulet of Equilibrium {Faith Str+2}
 32694 | Desolati | Identified the ring of Agnosticism {rCorr Str-4 Int+6
                  | Dex+5}
 32696 | Desolati | Identified the ring "Gockol" {rN+ Dex+3 SInv}
 32704 | Desolati | Identified the ring "Ynkuc" {rF+ rC- Str+6 Int+5}
 33247 | Vaults:2 | Found a staircase to the Crypt.
 33331 | Vaults:2 | Found Plog's Distillery.
 33419 | Vaults:2 | Reached XP level 22. HP: 128/128 MP: 36/36
 33710 | Vaults:2 | Identified the +12 dagger "Doixas" {flame, rPois}
 33723 | Vaults:2 | Identified the ring "Kaoluerchir" {rN+ Slay+3}
 34146 | Vaults:3 | Reached skill level 10 in Spellcasting
 34251 | Vaults:3 | Noticed Aizul
 34264 | Vaults:3 | Killed Aizul
 34621 | Vaults:3 | Reached skill level 10 in Transmutations
 34935 | Vaults:3 | Identified the +2 cloak of Rebril {rC- Will++}
 34936 | Vaults:3 | Identified the +5 ring mail of the Bursted Lizard {*Corrode
                  | Fly rF++ Regen+}
 35464 | Vaults:4 | Identified the +3 ring mail of the Harvest Moon {Dex+5}
 36355 | Vaults:5 | Entered Level 5 of the Vaults
 36370 | Vaults:5 | Reached XP level 23. HP: 134/134 MP: 40/40
 36385 | Vaults:5 | Noticed an ancient lich
 36390 | Vaults:5 | Killed an ancient lich
 36411 | Vaults:5 | Reached skill level 19 in Fighting
 36467 | Vaults:5 | Reached skill level 15 in Dodging
 36487 | Vaults:5 | Noticed an ancient lich
 36492 | Vaults:5 | Killed an ancient lich
 36504 | Vaults:5 | Identified the ring "Lavatt" {+Blink rC+ Int+4 Dex+6}
 36526 | Vaults:5 | Found Liruf's Jewellery Shop.
 36795 | Vaults:5 | Got a silver rune of Zot
 36833 | Vaults:5 | Found Lucaul's Magic Scroll Boutique.
 36839 | Vaults:5 | Found Inamuda's Jewellery Shoppe.
 36840 | Vaults:5 | Found Noiplio's Jewellery Shoppe.
 36954 | Vaults:5 | Reached skill level 15 in Armour
 36955 | Vaults:5 | Noticed a golden dragon
 36964 | Vaults:5 | Killed a golden dragon
 37365 | Vaults:5 | Found Ihyituaps's General Store.
 37424 | Vaults:5 | Found Vadgh's Magic Scroll Emporium.
 37429 | Vaults:5 | Bought a scroll of blinking for 105 gold pieces
 37436 | Vaults:5 | Found Wenam's Distillery.
 37441 | Vaults:5 | Bought a potion of mutation for 144 gold pieces
 37441 | Vaults:5 | Bought a potion of cancellation for 144 gold pieces
 37449 | Vaults:5 | Found Vuloeror's Distillery.
 37473 | Vaults:5 | Bought 2 potions of ambrosia for 320 gold pieces
 37478 | Vaults:5 | Found Negaroett's Distillery.
 37483 | Vaults:5 | Bought a potion of haste for 160 gold pieces
 37483 | Vaults:5 | Bought a potion of invisibility for 128 gold pieces
 37483 | Vaults:5 | Bought a potion of mutation for 128 gold pieces
 37508 | Vaults:5 | Found Muaxzugo's Magic Scroll Boutique.
 37512 | Vaults:5 | Found Hooshruv's Magic Scroll Shoppe.
 37520 | Vaults:5 | Bought a scroll of fear for 56 gold pieces
 38007 | Slime:1  | Entered Level 1 of the Pits of Slime
 38234 | Slime:3  | Learned a level 4 spell: Animate Armour
 38238 | Slime:3  | Learned a level 3 spell: Swiftness
 38246 | Slime:3  | Learned a level 7 spell: Ozocubu's Refrigeration
 38253 | Slime:3  | Learned a level 6 spell: Simulacrum
 38353 | Slime:3  | Reached skill level 1 in Ice Magic
 38366 | Slime:4  | Gained mutation: You sometimes lose your temper in combat.
                  | [a shining eye]
 38369 | Slime:4  | Gained mutation: You are dopey. (Int -2) [a shining eye]
 38378 | Slime:4  | Reached XP level 24. HP: 141/141 MP: 42/42
 38379 | Slime:4  | Reached skill level 1 in Air Magic
 38432 | Slime:5  | Entered Level 5 of the Pits of Slime
 38945 | Slime:5  | Gained mutation: You are weak. (Str -2) [a shining eye]
 39277 | Slime:5  | Found a viscous altar of Jiyva.
 39277 | Slime:5  | Noticed the Royal Jelly
 39287 | Slime:5  | Found the +8 whip "Snakebite" {venom, curare, rPois}
 39299 | Slime:5  | Killed the Royal Jelly
 39300 | Slime:5  | Reached skill level 5 in Ice Magic
 39479 | Slime:4  | Lost mutation: You sometimes lose your temper in combat.
                  | [potion of mutation]
 39479 | Slime:4  | Lost mutation: You are weak. (Str -2) [potion of mutation]
 39479 | Slime:4  | Gained mutation: You are robust. (+10% HP) [potion of
                  | mutation]
 39479 | Slime:4  | Gained mutation: You are weak. (Str -2) [potion of
                  | mutation]
 39578 | Slime:5  | Got a slimy rune of Zot
 39595 | Slime:5  | Identified the +8 great sword "Pada" {flame, Dex+3}
 39617 | Slime:5  | Identified the +2 hand axe of the Tundras {heavy, Int+2}
 39620 | Slime:5  | Identified the +0 pair of gloves of the Harvest {rElec rN+
                  | Int-3}
 39636 | Slime:5  | Found the +10 Black Knight's barding {ponderous, rPois rN+}
 39641 | Slime:5  | Got the Anthology of the Quarry
 39681 | Slime:5  | Identified the +0 ice dragon scales of Nyire {rElec rF-
                  | rC++ Int+4}
 39996 | Slime:1  | Gained mutation: You have hidden genetic defects. [a
                  | shining eye]
 39998 | Slime:1  | Gained mutation: You occasionally shout uncontrollably at
                  | your foes. [a shining eye]
 40357 | Depths:1 | Entered Level 1 of the Depths
 40358 | Depths:1 | Lost mutation: You are weak. (Str -2) [potion of mutation]
 40358 | Depths:1 | Lost mutation: You have hidden genetic defects. [potion of
                  | mutation]
 40358 | Depths:1 | Lost mutation: You are robust. (+10% HP) [potion of
                  | mutation]
 40358 | Depths:1 | Gained mutation: You have supernaturally acute eyesight.
                  | (SInv) [potion of mutation]
 40358 | Depths:1 | Gained mutation: Your body sometimes deteriorates upon
                  | taking damage. [potion of mutation]
 40358 | Depths:1 | Gained mutation: You are partially covered in iridescent
                  | scales. (AC +2) [potion of mutation]
 40360 | Depths:1 | Lost mutation: You are partially covered in iridescent
                  | scales. (AC +2) [potion of mutation]
 40360 | Depths:1 | Lost mutation: You are dopey. (Int -2) [potion of mutation]
 40360 | Depths:1 | Gained mutation: You sometimes lose your temper in combat.
                  | [potion of mutation]
 40360 | Depths:1 | Lost mutation: You occasionally shout uncontrollably at
                  | your foes. [potion of mutation]
 40360 | Depths:1 | Gained mutation: Your flesh is heat resistant. (rF+)
                  | [potion of mutation]
 40361 | Depths:1 | Lost mutation: Your flesh is heat resistant. (rF+) [potion
                  | of mutation]
 40361 | Depths:1 | Lost mutation: You sometimes lose your temper in combat.
                  | [potion of mutation]
 40361 | Depths:1 | Gained mutation: You are partially covered in iridescent
                  | scales. (AC +2) [potion of mutation]
 40361 | Depths:1 | Gained mutation: You passively map a small area around you.
                  | [potion of mutation]
 40542 | Depths:1 | Found a one-way gate leading to the halls of Pandemonium.
 40548 | Depths:1 | Gained mutation: You are dopey. (Int -2) [a neqoxec]
 40560 | Depths:1 | Reached skill level 5 in Air Magic
 40657 | Depths:1 | Found Ceusoir's Armour Boutique.
 40785 | Depths:1 | Found a gateway to Hell.
 40832 | Depths:1 | Reached skill level 20 in Fighting
 41114 | Depths:2 | Found Muheavir's Jewellery Shoppe.
 41573 | Depths:2 | Identified the ring of the Prince {Ice rPois rN+ Dex-4}
 41573 | Depths:2 | Noticed Josephina
 41596 | Depths:2 | Killed Josephina
 41647 | Depths:2 | Found Funn's Distillery.
 41670 | Depths:2 | Found Moddoscho's Armour Shoppe.
 41691 | Depths:2 | Bought a potion of mutation for 136 gold pieces
 42037 | Depths:2 | Identified the amulet of the Quahog {Spirit Drain +Blink
                  | rElec Str+4}
 42668 | Depths:3 | Noticed an ancient lich
 42675 | Depths:3 | Reached XP level 25. HP: 138/147 MP: 42/42
 42680 | Depths:3 | Killed an ancient lich
 42733 | Depths:3 | Reached skill level 10 in Ice Magic
 42779 | Depths:3 | Got the Precepts of Karma
 42844 | Depths:3 | Identified the +6 chain mail of Quiescent Music {rF+ Str+2}
 42897 | Depths:3 | Found the +3 hat of Pondering {ponderous, Will+ MP+10
                  | Int+5}
 42904 | Depths:3 | Found a one-way gate to the infinite horrors of the Abyss.
 42931 | Depths:3 | Gained mutation: You occasionally lose the ability to drink
                  | potions when taking damage. [a neqoxec]
 42933 | Depths:3 | Lost mutation: You occasionally lose the ability to drink
                  | potions when taking damage. [potion of mutation]
 42933 | Depths:3 | Lost mutation: You are partially covered in iridescent
                  | scales. (AC +2) [potion of mutation]
 42933 | Depths:3 | Lost mutation: You are dopey. (Int -2) [potion of mutation]
 42934 | Depths:3 | Lost mutation: Your body sometimes deteriorates upon taking
                  | damage. [potion of mutation]
 42934 | Depths:3 | Lost mutation: You have supernaturally acute eyesight.
                  | (SInv) [potion of mutation]
 42934 | Depths:3 | Gained mutation: Your body sometimes deteriorates upon
                  | taking damage. [potion of mutation]
 42934 | Depths:3 | Gained mutation: You have sharp toenails. [potion of
                  | mutation]
 42934 | Depths:3 | Gained mutation: You have a pair of small horns on your
                  | head. [potion of mutation]
 42935 | Depths:3 | Lost mutation: You have sharp toenails. [potion of
                  | mutation]
 42935 | Depths:3 | Lost mutation: You have a pair of small horns on your head.
                  | [potion of mutation]
 42935 | Depths:3 | Lost mutation: You passively map a small area around you.
                  | [potion of mutation]
 42935 | Depths:3 | Gained mutation: You have large cloven feet. [potion of
                  | mutation]
 42935 | Depths:3 | Gained mutation: You are clumsy. (Dex -2) [potion of
                  | mutation]
 42935 | Depths:3 | Gained mutation: Your flesh is heat resistant. (rF+)
                  | [potion of mutation]
 43040 | Depths:3 | Found a one-way gateway to a ziggurat.
 43458 | Depths:3 | Noticed a dread lich
 43465 | Depths:3 | Killed a dread lich
 43474 | Depths:3 | Noticed a juggernaut
 43474 | Depths:3 | Identified the ring of the Divine God {rElec AC+4 Str+3
                  | Dex-2 Slay+4}
 43482 | Depths:3 | Killed a juggernaut
 44177 | Depths:3 | Found Udicone's Jewellery Shop.
 44178 | Depths:3 | Found Tuime's Book Emporium.
 44180 | Depths:3 | Found Saorareph's Jewellery Shop.
 44212 | Depths:4 | Entered Level 4 of the Depths
 44297 | Depths:4 | Found a basalt altar of Yredelemnul.
 44520 | Depths:4 | Found a gate to the Realm of Zot.
 44529 | Depths:4 | Reached XP level 26. HP: 128/154 MP: 35/42
 44683 | Depths:4 | Found an opulent altar of Gozag.
 45158 | D:4      | Bought a glowing scarf for 208 gold pieces
 45435 | Lair:4   | Killed Bacu's ghost
 46027 | Zot:1    | Entered Level 1 of the Realm of Zot
 46712 | Zot:2    | Reached skill level 21 in Fighting
 47273 | Zot:3    | Reached skill level 10 in Evocations
 47379 | Zot:3    | Identified the +0 spear "Spiderslayer" {elec, +Blink Int-3
                  | Dex+3 Stlth+}
 47577 | Zot:3    | Found the +4 dragonskin cloak
 47577 | Zot:3    | Noticed Tiamat
 47612 | Zot:3    | Killed Tiamat
 48269 | Zot:4    | Found a transporter.
 48269 | Zot:4    | Found a transporter.
 48271 | Zot:4    | Found a transporter.
 48286 | Zot:4    | Reached skill level 15 in Spellcasting
 48801 | Zot:4    | Reached XP level 27. HP: 144/159 MP: 43/43
 48813 | Zot:4    | Learned a level 2 spell: Blink
 48817 | Zot:4    | Learned a level 3 spell: Vhi's Electric Charge
 49032 | Zot:4    | Found a transporter.
 49096 | Zot:4    | Reached skill level 1 in Translocations
 52088 | Zot:5    | Entered Level 5 of the Realm of Zot
 52259 | Zot:5    | Noticed an ancient lich
 52262 | Zot:5    | Noticed an orb of fire
 52262 | Zot:5    | Noticed an orb of fire
 52269 | Zot:5    | Gained mutation: Your magical capacity is low. (-10% MP)
                  | [an orb of fire]
 52269 | Zot:5    | Gained mutation: You occasionally lose the ability to read
                  | scrolls when taking damage. [an orb of fire]
 52270 | Zot:5    | Killed an ancient lich
 52280 | Zot:5    | Noticed an ancient lich
 52282 | Zot:5    | Killed an orb of fire
 52283 | Zot:5    | Killed an orb of fire
 52284 | Zot:5    | Reached skill level 10 in Air Magic
 52284 | Zot:5    | Killed an ancient lich
 52336 | Zot:5    | Noticed an orb of fire
 52344 | Zot:5    | Killed an orb of fire
 52352 | Zot:5    | Reached skill level 5 in Translocations
 52369 | Zot:5    | Noticed a dread lich
 52382 | Zot:5    | Killed a dread lich
 52484 | Zot:5    | Lost mutation: You occasionally lose the ability to read
                  | scrolls when taking damage. [potion of mutation]
 52484 | Zot:5    | Lost mutation: You have large cloven feet. [potion of
                  | mutation]
 52484 | Zot:5    | Lost mutation: Your flesh is heat resistant. (rF+) [potion
                  | of mutation]
 52484 | Zot:5    | Lost mutation: Your magical capacity is low. (-10% MP)
                  | [potion of mutation]
 52484 | Zot:5    | Gained mutation: Your body often deteriorates upon taking
                  | damage. [potion of mutation]
 52484 | Zot:5    | Gained mutation: You are resistant to electric shocks.
                  | (rElec) [potion of mutation]
 52485 | Zot:5    | Lost mutation: You are clumsy. (Dex -2) [potion of
                  | mutation]
 52485 | Zot:5    | Lost mutation: Your body often deteriorates upon taking
                  | damage. [potion of mutation]
 52485 | Zot:5    | Lost mutation: You are resistant to electric shocks.
                  | (rElec) [potion of mutation]
 52485 | Zot:5    | Gained mutation: You are clumsy. (Dex -2) [potion of
                  | mutation]
 52485 | Zot:5    | Gained mutation: Armour fits poorly on your strangely
                  | shaped body. [potion of mutation]
 52486 | Zot:5    | Lost mutation: Armour fits poorly on your strangely shaped
                  | body. [potion of mutation]
 52486 | Zot:5    | Lost mutation: Your body sometimes deteriorates upon taking
                  | damage. [potion of mutation]
 52486 | Zot:5    | Lost mutation: You are clumsy. (Dex -2) [potion of
                  | mutation]
 52486 | Zot:5    | Gained mutation: Armour fits poorly on your strangely
                  | shaped body. [potion of mutation]
 52486 | Zot:5    | Gained mutation: You are somewhat resistant to further
                  | mutation. [potion of mutation]
 52487 | Zot:5    | Lost mutation: You are somewhat resistant to further
                  | mutation. [potion of mutation]
 52487 | Zot:5    | Lost mutation: Armour fits poorly on your strangely shaped
                  | body. [potion of mutation]
 52487 | Zot:5    | Gained mutation: You occasionally lose the ability to read
                  | scrolls when taking damage. [potion of mutation]
 52487 | Zot:5    | Gained mutation: Your flesh is heat resistant. (rF+)
                  | [potion of mutation]
 52487 | Zot:5    | Gained mutation: Your flesh is cold resistant. (rC+)
                  | [potion of mutation]
 52489 | Zot:5    | Got the Orb of Zot
 52497 | Zot:5    | Noticed Paibaewi the pandemonium lord
 52767 | D:15     | Noticed Poickoq the pandemonium lord
 53074 | D:$      | Escaped with the Orb!

Illustrated notes

Levels and vault maps discovered:
D:1:      minmay_arrival_loop, layout_basic, ebering_ecumenical_altar_mist,
          minmay_tetromino_o4
D:2:      layout_basic, basic_altar, minmay_misc_feat_more_columns,
          hangedman_feature_mirror
D:3:      minmay_diamond_boxcup, layout_basic, amcnicky_altar_gilded,
          mainiacjoe_overflow_brackets, roderic_serpentine_path,
          kennysheep_generic_room_6, uniq_grinder
D:4:      layout_cave_pools, minmay_temple_entry_drinking_statues, serial_shops,
          nicolae_shop_hallway_stairs, uniq_eustachio
D:5:      layout_basic, kiku_gazebo_pond_becter, grunt_temple_overflow_open,
          kennysheep_small_circle
D:6:      layout_basic, ashenzari_altar_1, uniq_crazy_yiuf_cottage,
          uniq_blork_the_orc
D:7:      minmay_general_purpose_star, layout_rooms,
          mainiacjoe_overflow_six_doors_small, uniq_pikel
D:8:      layout_rooms, dpeg_lair_monsters, minmay_misc_feat_roman
D:9:      lemuel_ogre_cave, layout_cave_pools,
          chequers_temple_overflow_statue_of_worship, serial_shops,
          nicolae_square_shop
D:10:     layout_roguey, nicolae_qazlal_eye_of_the_storm, david_orc_3,
          gammafunk_ghost_ooze
D:11:     layout_basic, nrook_uturn
D:12:     layout_gridville, uniq_maurice
D:13:     layout_loops_ring, biasface_ghost_orc_armoury,
          minmay_gold_behind_fungi, uniq_erolcha
D:14:     layout_cave_pods, david_vaults_2, serial_shops, nicolae_shop_crystal,
          dreamdust_deal_with_the_devil, uniq_frances
D:15:     gammafunk_enter_depths_forms, layout_basic, tso_altar,
          nicolae_concentric_dashed_squares_wild
Temple:   hellmonk_temple_two_chambers
Lair:1:   layout_roguey, basic_altar, infiniplex_staircase_pool
Lair:2:   layout_hall_layers, spider_nest_entry_a, st_stairs_13,
          serial_bayou_pond_c
Lair:3:   layout_big_grid, elwin_shoals_entry_rocks, lemuel_fruit_tree
Lair:4:   layout_regular_city, nicolae_slime_entry_slimehenge, ebering_ghost_xom
Lair:5:   gammafunk_lair_ancient_temple, layout_hall_layers, special_room
          [special_room_mythical_zoo], hangedman_lair_unloving_vines,
          dpeg_oklob_1, serial_bayou_shore_a
Shoals:1: nicolae_shoals_offshore_bank_account, layout_shoals
Shoals:2: layout_shoals, nicolae_shoals_gull_way
Shoals:3: layout_shoals, gammafunk_ghost_berserking_beasts, serial_shops, shop,
          uniq_louise
Shoals:4: shoals_end_grunt_ice, layout_shoals, nicolae_shoals_hunting_party
Spider:1: nicolae_spider_hilbert_zone_5 [nicolae_spider_hilbert_3_sides_1_open,
          nicolae_spider_hilbert_4_sides_1_open,
          nicolae_spider_hilbert_4_sides_1_open,
          nicolae_spider_hilbert_6_sides_1_open,
          nicolae_spider_hilbert_6_sides_1_open],
          portal_ice_cave_entry_ice_simulacra, nicolae_spider_eight_legs,
          uniq_agnes
Spider:2: layout_cave_pods, nicolae_spider_moth_buddies
Spider:3: gammafunk_boulding_lane
Spider:4: grunt_spider_rune_parallel, uniq_arachne
Slime:1:  layout_caves
Slime:2:  layout_caves
Slime:3:  layout_caves
Slime:4:  cheibrodos_slime_lost_civilization_3, layout_caves
Slime:5
Orc:1:    layout_caves
Orc:2:    st_orc_rangers, layout_diamond_mine
Elf:1:    minmay_elf_arrival_plus, layout_geoelf_octagon,
          hangedman_elf_represent
Elf:2:    elven_hall_of_blades_hangedman_original [nicolae_blade_tridents],
          layout_loops_cross, guppyfry_library_mini
Elf:3:    minmay_elf_hall_spiked, layout_geoelf_castle, nicolae_wooded_promenade
Vaults:1: ontoclasm_vaults_ring_small, vaults_room_fancy_cross,
          vaults_room_grunt_arrival_ludios, nicolae_vaults_network_square,
          nicolae_vaults_shelves_hall, vaults_dpeg_hooks,
          hangedman_vaults_river_flow, nicolae_vaults_stairing_the_circle,
          vaults_mumra_hex, v_misc_23, nicolae_vaults_big_ls, st_star,
          nicolae_vaults_shelves_hall, ontoclasm_vaults_ligature,
          layout_vaults_omnibox, serial_shops, nicolae_shop_trees
Vaults:2: portal_desolation_entry_ruin, st_quartered_hall,
          vaults_mumra_minichess, v_misc_12, vaults_room_octagon,
          vaults_standard_mumra_lines, minmay_crypt_entry_simple_sparse,
          v_misc_26, nicolae_vaults_shelves_hall, layout_vaults_omnigrid,
          serial_shops, nicolae_shop_waterfront, shop,
          nicolae_shop_hallway_stairs, shop
Vaults:3: nicolae_vaults_meeting, hangedman_vaults_stitches,
          nicolae_vaults_asterisk, vaults_room_fours, vaults_standard_mumra_x,
          v_misc_10, vaults_room_pools, vaults_dpeg_emergency_exit,
          ontoclasm_vaults_loading_screen, nicolae_vaults_rhombus_5,
          layout_vaults_chaotic_city, uniq_aizul
Vaults:4: vaults_mumra_minichess_inversion, nicolae_vaults_inception_corners,
          v_misc_33, ontoclasm_vaults_shuriken, v_misc_2, v_misc_11,
          nicolae_vaults_circle_grid_b, ontoclasm_vaults_pinch,
          nicolae_vaults_three_branches, nicolae_vaults_little_squares_1,
          nicolae_vaults_theta, hangedman_vaults_corner_blocks, v_misc_16,
          vaults_room_ringed_pool, layout_vaults_maze
Vaults:5
Depths:1: layout_roguey, minmay_misc_feat_tiny, rand_demon_pan_entry_8,
          hell_entry, serial_shops, nicolae_square_shop, grunt_ministairs_2
Depths:2: wad_mega_maze, layout_gridlike, pf_dread_powers_of_hell, serial_shops,
          nicolae_diamond_shop, nicolae_shop_stone, shop, pan_entry,
          kennysheep_nub, uniq_josephina
Depths:3: minmay_tile_spiral, layout_basic, enter_ziggurat_c,
          abyss_entry_small_statue_room, rand_demon_pan_entry_7, special_room
          [special_room_morgue], hell_entry, infiniplex_staircase_pool_2,
          minmay_shop_grove
Depths:4: grunt_crosshair, layout_cave_shapes, nicolae_gozag_seed_capital,
          pan_entry, abyss_entry, pf_coc_iceberg, hangedman_blasphemy
Zot:1:    layout_basic
Zot:2:    layout_onion, bh_zot_lava_cross, grunt_megastairs_4
Zot:3:    layout_twisted_circle, uniq_tiamat
Zot:4:    infiniplex_zot_generator, layout_gridlike, nicolae_diode_quadrants
Zot:5:    layout_misc_corridors

Skill      XL: |  1  2  3  4  5  6  7  8  9 10 11 12 13 14 15 16 17 18 19 20 21 22 23 24 25 26 27 |
---------------+----------------------------------------------------------------------------------+-----
Maces & Flails | 2 3 4 5 7 8 10 11 12 13 14 15 16 17 | 17.6
Fighting       | 3 4 5 6 7 9 10 11 12 13 14 15 16 17 18 19 20 21 | 21.8
Shields        | 3 4 5 6 7 9 10 11 12 13 14 15 16 | 16.0
Armour         | 3 5 7 9 10 11 12 13 14 15 16 17 | 17.9
Dodging        | 1 4 6 8 9 10 11 12 14 15 16 17 | 17.3
Evocations     | 2 5 6 7 9 10 | 10.8
Throwing       | 1 |  1.5
Transmutations | 3 6 7 9 10 12 | 12.1
Spellcasting   | 4 9 12 14 15 | 15.2
Ice Magic      | 1 9 10 | 10.0
Air Magic      | 6 9 10 | 10.8
Translocations | 5 |  5.6

Action                     |  1- 3 |  4- 6 |  7- 9 | 10-12 | 13-15 | 16-18 | 19-21 | 22-24 | 25-27 || total
---------------------------+-------+-------+-------+-------+-------+-------+-------+-------+-------++-------
  Melee: Flail             |    71 |     4 |       |       |       |       |       |       |       ||    75
         Bite              |    14 |    10 |    72 |   220 |   623 |  1082 |   998 |  1398 |   910 ||  5327
         Whip              |       |    58 |   225 |   555 |  1602 |  2388 |  2251 |  2594 |   363 || 10036
         Sacred scourge    |       |       |       |       |       |       |       |       |   315 ||   315
         Demon whip        |       |       |       |       |       |       |       |       |  1111 ||  1111
  Throw: Javelin           |       |       |       |       |       |       |     1 |       |       ||     1
   Cast: Wereblood         |       |       |       |       |       |       |     3 |    13 |    23 ||    39
 Invoke: Serpent's Lash    |       |       |       |       |     6 |     6 |    12 |    11 |     9 ||    44
         Heavenly Storm    |       |       |       |       |     2 |     1 |     5 |     3 |     4 ||    15
Ability: Lunge             |       |       |    13 |    25 |    84 |   101 |   108 |   103 |    95 ||   529
         Whirlwind         |       |       |       |    42 |   289 |   261 |   518 |   632 |   559 ||  2301
         Wall Jump         |       |       |       |     1 |     4 |     1 |     1 |     1 |     3 ||    11
  Evoke: Wand              |       |       |       |     1 |       |    11 |       |     4 |    11 ||    27
         Tin of tremorston |       |       |       |       |       |       |     4 |       |     1 ||     5
         Condenser vane    |       |       |       |       |       |       |     1 |     3 |     1 ||     5
    Use: Scroll            |       |     8 |     1 |     6 |    11 |     7 |     5 |     3 |     7 ||    48
         Potion            |       |       |     1 |       |     2 |     2 |     2 |     9 |    14 ||    30
 Armour: Scale mail        |    42 |    17 |    54 |    50 |       |       |       |       |       ||   163
         Plate armour      |       |       |       |    48 |   331 |   520 |   213 |       |       ||  1112
         Ring mail         |       |       |       |       |     3 |       |       |       |       ||     3
         Crystal plate arm |       |       |       |       |       |       |   151 |   323 |   481 ||   955
  Dodge: Dodged            |    32 |    16 |    47 |   108 |   335 |   539 |   490 |   547 |   484 ||  2598
         Repelled          |       |       |       |       |       |     2 |       |       |    29 ||    31
  Block: Buckler           |    24 |     6 |    23 |    32 |       |       |       |       |       ||    85
         Kite shield       |       |       |       |   103 |   438 |  1047 |   785 |   772 |   738 ||  3883

Table legend: (Time is in decaauts)
 A = Elapsed time spent in this place.
 B = Non-inter-level travel time spent in this place.
 C = Inter-level travel time spent in this place.
 D = Time resting spent in this place.
 E = Time spent auto-exploring this place.
 F = Levels seen in this place.
 G = Mean time per level.
                   A        B        C        D        E       F      G
               +--------+--------+--------+--------+--------+-----+--------+
         Total |  50455 |  44993 |   5462 |   2334 |  30923 |  55 |  917.4 |
       Dungeon |  13860 |  11392 |   2468 |    433 |   8701 |  15 |  924.0 |
        Temple |     57 |     53 |      4 |      0 |     11 |   1 |   57.0 |
          Lair |   4498 |   3682 |    816 |     35 |   2760 |   5 |  899.6 |
        Shoals |   3779 |   3574 |    205 |    273 |   2183 |   4 |  944.8 |
   Spider Nest |   2718 |   2572 |    146 |     16 |   1670 |   4 |  679.5 |
    Slime Pits |   1968 |   1927 |     41 |    989 |    195 |   5 |  393.6 |
  Orcish Mines |   1721 |   1117 |    604 |      0 |    832 |   2 |  860.5 |
   Elven Halls |   3304 |   3083 |    221 |      0 |   2226 |   3 | 1101.3 |
        Vaults |   6113 |   5813 |    300 |     65 |   4188 |   5 | 1222.6 |
        Depths |   4727 |   4245 |    482 |    214 |   2992 |   4 | 1181.8 |
           Zot |   6422 |   6252 |    170 |    281 |   4535 |   5 | 1284.4 |
      Ice Cave |    679 |    679 |      0 |     27 |    369 |   1 |  679.0 |
    Desolation |    604 |    604 |      0 |      0 |    259 |   1 |  604.0 |
               +--------+--------+--------+--------+--------+-----+--------+

Top non-repeatable levels by time:
   Zot:4: 3819 daAuts
Depths:2: 1575 daAuts
Depths:3: 1501 daAuts
Vaults:2: 1422 daAuts
Vaults:1: 1370 daAuts
   Orc:2: 1269 daAuts
    D:12: 1250 daAuts
Vaults:5: 1208 daAuts
Vaults:3: 1188 daAuts
   Elf:3: 1185 daAuts
Shoals:4: 1177 daAuts
    D:15: 1176 daAuts
    D:13: 1150 daAuts
    D:11: 1128 daAuts
   Elf:2: 1119 daAuts
